 Dungeon Crawl Stone Soup version 0.25.0-26-g0c896c7088 (webtiles) character file.

Game seed: 2924912335478408522

(classic levelgen) 23 EnegeticOcto the Chopper (level 2, 19/27 HPs)
             Began as a Deep Dwarf Fighter on July 4, 2020.
             Was a Follower of Uskayaw.
             Quit the game on level 2 of the Dungeon.
             The game lasted 00:01:09 (162 turns).

EnegeticOcto the Chopper (Deep Dwarf Fighter)        Turns: 162, Time: 00:01:10

Health: 19/27      AC:  6    Str: 19    XL:     2   Next: 75%
Magic:  2/2        EV:  7    Int:  8    God:    Uskayaw [*.....]
Gold:   19         SH:  9    Dex: 12    Spells: 1/1 levels left

rFire    . . .     SeeInvis .   a - +0 war axe
rCold    . . .     Gourm    .   c - +0 kite shield
rNeg     . . .     Faith    .   b - +0 scale mail
rPois    .         Spirit   .   (no helmet)
rElec    .         Reflect  .   (no cloak)
rCorr    .         Harm     .   (no gloves)
MR       .....                  (no boots)
Stlth    ..........             (no amulet)
HPRegen  0.00/turn              (no ring)
MPRegen  0.08/turn              (no ring)

@: non-regenerating
A: damage resistance, heal wounds, sense surroundings 1, no regeneration
a: Heal Wounds, Stomp, Renounce Religion


You were on level 2 of the Dungeon.
You worshipped Uskayaw.
Uskayaw was noncommittal.
You were not hungry.

You visited 1 branch of the dungeon, and saw 2 of its levels.

You collected 19 gold pieces.

Inventory:

Hand Weapons
 a - a +0 war axe (weapon)
Armour
 b - a +0 scale mail (worn)
 c - a +0 kite shield (worn)
 f - a +0 cloak
Potions
 d - a potion of might {@q3 !q}
 g - a potion of curing {unknown}
Comestibles
 e - a ration


   Skills:
 - Level 2.6 Fighting
 + Level 3.7 Axes
 - Level 3.2 Armour
 - Level 3.2 Shields


You had one spell level left.
You didn't know any spells.
Your spell library was empty.

Dungeon Overview and Level Annotations

Branches:
Dungeon (2/15)

Altars:
Uskayaw


Innate Abilities, Weirdness & Mutations

You are resistant to damage.
You can heal yourself by infusing magical energy.
You passively map a small area around you.
You do not regenerate.


Message History

You closely miss the bat. You barely miss the frilled lizard.
Your shield prevents you from hitting the bat.
The bat hits you but does no damage. x2; You block the frilled lizard's attack.
You block the kobold's attack.
You closely miss the kobold.
The kobold is severely wounded.
You closely miss the frilled lizard. The bat hits you but does no damage.
The frilled lizard bites you but does no damage.
You block the kobold's attack. The bat closely misses you.
The frilled lizard barely misses you. The kobold barely misses you.
You hit the kobold.
You kill the kobold!
You hit the bat.
You kill the bat!
Your shield and scale mail prevent you from hitting the bat.
You barely miss the frilled lizard. The bat hits you but does no damage.
You block the bat's attack. The frilled lizard barely misses you.
You completely miss the frilled lizard. You block the bat's attack.
The frilled lizard bites you.
The frilled lizard bites you but does no damage.
You slash the frilled lizard!
You kill the frilled lizard!
You block the bat's attack. The bat barely misses you.
Found a ration.
You see here a kobold corpse.
A hobgoblin comes into view.
The bat hits you but does no damage. x2
There is a stone staircase leading down here.
The bat barely misses you.
You climb downwards. 3 jackals come into view.
The jackal barks! x3
Found a dagger and 19 stones.
There is a stone staircase leading up here.
A worm comes into view.
The jackal closely misses you.
The jackal bites you but does no damage.
The jackal closely misses you. You block the jackal's attack.
The jackal barely misses you.
The jackal bites you but does no damage.
Found a stone staircase leading up.
A rat comes into view.
The jackal bites you but does no damage.
The jackal bites you.
The jackal bites you but does no damage.
The worm barely misses you.
Found a whip.
You slash the jackal!
You kill the jackal!
You hit the worm but do no damage. You hit the jackal.
You kill the jackal!
The worm bites you.
You miss the jackal. You hit the worm.
The jackal bites you but does no damage.
You block the jackal's attack.
You barely miss the worm.
The worm is moderately wounded.
You hit the jackal but do no damage. The jackal bites you.
You block the jackal's attack. The worm bites you but does no damage.
You hit the worm.
The worm is moderately wounded.
You hit the jackal but do no damage. You block the jackal's attack.
The jackal bites you. The worm bites you.
You hit the worm.
The worm is moderately wounded.
You barely miss the jackal. The jackal barely misses you.
You block the jackal's attack. The worm bites you.
You hit the worm.
The worm is moderately wounded.
You closely miss the jackal. You block the jackal's attack.
The jackal barely misses you. You block the worm's attack.
You slash the worm!
The worm is severely wounded.
You barely miss the jackal. The jackal bites you. The jackal barely misses you.
The worm closely misses you.
You slash the worm!
You kill the worm!
You slash the jackal!
You kill the jackal!
You see here 19 stones.
You see here a jackal corpse.
Found a faded altar of an unknown god.
You enter the shallow water.
Moving in this stuff is going to be slow.
An adder comes into view.
The adder hisses angrily.
Why would you want to do that? The adder bites you but does no damage.
The adder closely misses you. You block the adder's attack.
There is a faded altar of an unknown god here.
You cannot tell which god this altar belongs to.
Convert to them anyway?
Okay, then.
You cannot tell which god this altar belongs to.
Convert to them anyway?
Uskayaw accepts your prayer! Uskayaw welcomes you!
You can now stomp with the beat.
The adder barely misses you.
Are you sure you want to abandon this character and quit the game? (Confirm with "yes".)

* .....#########
..≈..≈≈..≈..≈#
≈.≈..≈≈≈≈≈≈≈≈# *
..≈≈≈≈≈≈≈≈≈≈.# , ,,
.≈≈≈≈≈≈≈≈≈.≈# *
≈≈≈≈≈≈≈≈≈≈# ,
♣..≈≈≈≈.# , , ,
≈≈≈♣@S≈≈≈..#
.≈.≈≈≈.≈≈≈≈≈..# * ,
...≈≈≈≈≈≈≈≈≈≈≈#
...≈≈≈≈≈≈≈≈≈.≈# *
..≈≈≈≈≈≈≈≈≈≈..#####
..≈≈.≈..≈..≈≈.....##
...≈.≈....≈...###..#
...#......##### #..#
* ........######.##


You could see an adder.

Vanquished Creatures
  A worm (D:2)
  2 dart slugs (D:1)
  2 bats (D:1)
  A giant cockroach (D:1)
  A goblin (D:1)
  3 jackals (D:2)
  A kobold (D:1)
  2 frilled lizards (D:1)
  3 rats (D:1)
16 creatures vanquished.

Notes
Turn   | Place    | Note
-------+----------+-------------------------------------------
     0 | D:1      | EnegeticOcto the Deep Dwarf Fighter began the quest for the
                  | Orb.
     0 | D:1      | Reached XP level 1. HP: 20/20 MP: 1/1
    58 | D:1      | Reached skill level 3 in Axes
    58 | D:1      | Reached XP level 2. HP: 27/27 MP: 2/2
   153 | D:2      | Found a faded altar of an unknown god.
   161 | D:2      | Became a worshipper of Uskayaw the Reveler
   161 | D:2      | Reached * piety under Uskayaw
   162 | D:2      | Quit the game

Illustrated notes

Levels and vault maps discovered:
D:1:      minmay_arrival_shattered_statue, layout_loops_ring
D:2:      layout_rooms, overflow_temple_1_default,
          chequers_ecumenical_altar_island

Skill      XL: |  1 |
---------------+----+-----
Axes           | 3 |  3.7
Fighting       | |  2.6
Armour         | |  3.2
Shields        | |  3.2

Action                   || total
-------------------------++-------
Melee: War axe           ||    30
Armor: Scale mail        ||    33
Dodge: Dodged            ||    25
Block: Kite shield       ||    29
